3A
GRIM REAPERS @ PUT-IN-BAY BC
08/29/2037
 
TOP OF THE 1ST
Grim Reapers batting - Pitching for Put-In-Bay BC : RHP Harry Fuller
Pitching: RHP Harry Fuller
Batting: SHB Leonard Davis 0-0: Foul Ball, location: 2F
0-1: Ball
1-1: Fly out, F9 (Line Drive, 9, EV 95.0 MPH)
Batting: SHB Tekkan Hayagawa 0-0: Ground out 4-3 (Groundball, 4, EV 80.6 MPH)
Batting: RHB Kiyohira Kan 0-0: Called Strike
0-1: Swinging Strike
0-2: Ball
1-2: Foul Ball, location: 2F
1-2: Foul Ball, location: 2F
1-2: Ball
2-2: Ground out 1-3 (Groundball, 13S, EV 64.4 MPH)
Top of the 1st over - 0 runs, 0 hits, 0 errors, 0 left on base; Grim 0 - Put-In-Bay 0
BOTTOM OF THE 1ST
Put-In-Bay BC batting - Pitching for Grim Reapers : RHP Wilbert Gallegos
Pitching: RHP Wilbert Gallegos
Batting: LHB Leslie Small 0-0: Swinging Strike
0-1: Foul Ball, location: 2F
0-2: Strikes out swinging
Batting: RHB Jesús Méndez 0-0: Ball
1-0: Reached via error on a dropped throw from C, E3 (Groundball, 2R, EV 68.1 MPH)
Batting: LHB Eric Manchester 0-0: Ball
1-0: Ball
2-0: Called Strike
2-1: Called Strike
2-2: Foul Ball, location: 2F
2-2: Fielders Choice at 2nd, 5-4 (Groundball, 56, EV 92.5 MPH)
Batting: SHB Ángel García 0-0: Swinging Strike
0-1: Ball
1-1: Ball
2-1: Ball
3-1: DOUBLE (Line Drive, 7LS, EV 95.6 MPH)
Eric Manchester to third
Runner from 3rd tries for Home, SAFE, throw by LF to trailing runner, SAFE at third!
Batting: RHB Man-su Chong 0-0: Ball
1-0: Ball
2-0: Ball
3-0: Called Strike
3-1: Swinging Strike
3-2: Strikes out looking
Bottom of the 1st over - 1 run, 1 hit, 1 error, 1 left on base; Grim 0 - Put-In-Bay 1
TOP OF THE 2ND
Grim Reapers batting - Pitching for Put-In-Bay BC : RHP Harry Fuller
Batting: SHB Fernando Urby 0-0: Ground out 1-3 (Groundball, 34S, EV 89.4 MPH)
Batting: RHB Lonnie Doble 0-0: Ball
1-0: Ball
2-0: Called Strike
2-1: Ball
3-1: Base on Balls
Batting: LHB Lorenzo Ortíz 0-0: Ball
1-0: Fielders Choice at 2nd, 3-6 (Groundball, 3, EV 101.9 MPH)
Batting: RHB Chi-eun Mun 0-0: Ground out 6-3 (Groundball, 6S, EV 66.9 MPH)
Top of the 2nd over - 0 runs, 0 hits, 0 errors, 1 left on base; Grim 0 - Put-In-Bay 1
BOTTOM OF THE 2ND
Put-In-Bay BC batting - Pitching for Grim Reapers : RHP Wilbert Gallegos
Batting: RHB Alexander Conley 0-0: Called Strike
0-1: Ground out 5-3 (Groundball, 56S, EV 65.0 MPH)
Batting: RHB Martin Payton 0-0: Ground out 6-3 (Groundball, 6, EV 104.4 MPH)
Batting: RHB Kent Potter 0-0: Called Strike
0-1: Swinging Strike
0-2: Strikes out swinging
Bottom of the 2nd over - 0 runs, 0 hits, 0 errors, 0 left on base; Grim 0 - Put-In-Bay 1
TOP OF THE 3RD
Grim Reapers batting - Pitching for Put-In-Bay BC : RHP Harry Fuller
Batting: RHB Adrián Sánchez 0-0: Ball
1-0: Swinging Strike
1-1: Ball
2-1: Swinging Strike
2-2: Strikes out swinging
Batting: RHB Cristo Mercado 0-0: Foul Ball, location: 2F
0-1: Foul Ball, location: 2F
0-2: Foul Ball, location: 2F
0-2: Ball
1-2: Strikes out looking
Batting: SHB Leonard Davis 0-0: Ball
1-0: Swinging Strike
1-1: Foul Ball, location: 2F
1-2: Ball
2-2: Strikes out swinging
Top of the 3rd over - 0 runs, 0 hits, 0 errors, 0 left on base; Grim 0 - Put-In-Bay 1
BOTTOM OF THE 3RD
Put-In-Bay BC batting - Pitching for Grim Reapers : RHP Wilbert Gallegos
Batting: RHB Victor Haley 0-0: Called Strike
0-1: Ball
1-1: Ball
2-1: Called Strike
2-2: Foul Ball, location: 2F
2-2: Strikes out swinging
Batting: LHB Leslie Small 0-0: Called Strike
0-1: Foul Ball, location: 2F
0-2: Ball
1-2: Ground out 6-3 (Groundball, 56, EV 105.0 MPH)
Batting: RHB Jesús Méndez 0-0: Called Strike
0-1: Foul Ball, location: 2F
0-2: Ball
1-2: Ground out 5-3 (Groundball, 5S, EV 87.5 MPH)
Bottom of the 3rd over - 0 runs, 0 hits, 0 errors, 0 left on base; Grim 0 - Put-In-Bay 1
TOP OF THE 4TH
Grim Reapers batting - Pitching for Put-In-Bay BC : RHP Harry Fuller
Batting: SHB Tekkan Hayagawa 0-0: Ball
1-0: Called Strike
1-1: Ball
2-1: Ground out U3 (Groundball, 34, EV 87.5 MPH)
Batting: RHB Kiyohira Kan 0-0: Ball
1-0: Swinging Strike
1-1: Ball
2-1: Called Strike
2-2: Foul Ball, location: 2F
2-2: Foul Ball, location: 2F
2-2: SINGLE (Line Drive, 4D, EV 98.1 MPH)
Batting: SHB Fernando Urby Pickoff Throw to First - Error! E1
Kiyohira Kan to second
0-0: Called Strike
0-1: DOUBLE (Line Drive, 78D, EV 101.9 MPH)
Kiyohira Kan scores
Batting: RHB Lonnie Doble 0-0: Called Strike
0-1: Ball
1-1: Swinging Strike
1-2: Strikes out swinging
Batting: LHB Lorenzo Ortíz 0-0: Fly out, F7 (Flyball, 7S, EV 88.8 MPH)
Top of the 4th over - 1 run, 2 hits, 1 error, 1 left on base; Grim 1 - Put-In-Bay 1
BOTTOM OF THE 4TH
Put-In-Bay BC batting - Pitching for Grim Reapers : RHP Wilbert Gallegos
Batting: LHB Eric Manchester 0-0: Called Strike
0-1: Foul Ball, location: 2F
0-2: DOUBLE (Flyball, 8LXD, EV 101.9 MPH)
Batting: SHB Ángel García 0-0: Called Strike
0-1: Called Strike
0-2: Ball
1-2: Ball
2-2: Foul Ball, location: 2F
2-2: Fly out, F9 (Flyball, 9S, EV 73.8 MPH)
Batting: RHB Man-su Chong 0-0: Ball
1-0: Called Strike
1-1: SINGLE (Line Drive, 3L, EV 101.2 MPH)
Eric Manchester to third
Batting: RHB Alexander Conley 0-0: Ball
1-0: Called Strike
Man-su Chong steals 2nd base
1-1: Ball
2-1: Swinging Strike
2-2: Ball
3-2: Strikes out swinging
Batting: RHB Martin Payton 0-0: Ball
1-0: Called Strike
1-1: Swinging Strike
1-2: Ball
2-2: Strikes out swinging
Bottom of the 4th over - 0 runs, 2 hits, 0 errors, 2 left on base; Grim 1 - Put-In-Bay 1
TOP OF THE 5TH
Grim Reapers batting - Pitching for Put-In-Bay BC : RHP Harry Fuller
Batting: RHB Chi-eun Mun 0-0: Called Strike
0-1: Ball
1-1: Fly out, F8 (Flyball, 8RM, EV 91.2 MPH)
Batting: RHB Adrián Sánchez 0-0: Swinging Strike
0-1: Hit by Pitch
Batting: RHB Cristo Mercado 0-0: Ball
1-0: Called Strike
1-1: Ball
2-1: Swinging Strike
2-2: Strikes out swinging
Batting: SHB Leonard Davis 0-0: Called Strike
0-1: Fly out, F8 (Line Drive, 8RM, EV 88.1 MPH)
Top of the 5th over - 0 runs, 0 hits, 0 errors, 1 left on base; Grim 1 - Put-In-Bay 1
BOTTOM OF THE 5TH
Put-In-Bay BC batting - Pitching for Grim Reapers : RHP Wilbert Gallegos
Batting: RHB Kent Potter 0-0: Swinging Strike
0-1: Ball
1-1: Foul Ball, location: 2F
1-2: Foul Ball, location: 2F
1-2: Ball
2-2: Foul Ball, location: 2F
2-2: SINGLE (Line Drive, 78M, EV 91.2 MPH)
Batting: RHB Victor Haley 0-0: Ball
1-0: Ball
2-0: Bunted foul
2-1: Bunted foul
2-2: Ball
3-2: Strikes out swinging
Batting: LHB Leslie Small 0-0: Called Strike
0-1: Foul Ball, location: 2F
0-2: Foul Ball, location: 2F
0-2: SINGLE (Groundball, 4S, EV 71.9 MPH) (infield hit)
Kent Potter to second
Batting: RHB Jesús Méndez 0-0: Ball
1-0: Fly out, F7 (Flyball, 7S, EV 85.0 MPH)
Batting: LHB Eric Manchester 0-0: Ball
1-0: Ball
2-0: Ground out 4-3 (Groundball, 4, EV 78.8 MPH)
Bottom of the 5th over - 0 runs, 2 hits, 0 errors, 2 left on base; Grim 1 - Put-In-Bay 1
TOP OF THE 6TH
Grim Reapers batting - Pitching for Put-In-Bay BC : RHP Harry Fuller
Batting: SHB Tekkan Hayagawa 0-0: Ball
1-0: SOLO HOME RUN (Flyball, 78XD, EV 110.6 MPH), Distance : 390 ft
Batting: RHB Kiyohira Kan 0-0: Swinging Strike
0-1: Ball
1-1: Fly out, F7 (Flyball, 78M, EV 81.2 MPH)
Batting: SHB Fernando Urby 0-0: Called Strike
0-1: Foul Ball, location: 2F
0-2: Ball
1-2: Strikes out swinging
Batting: RHB Lonnie Doble 0-0: Foul Ball, location: 2F
0-1: Ball
1-1: Foul Ball, location: 2F
1-2: Strikes out swinging
Top of the 6th over - 1 run, 1 hit, 0 errors, 0 left on base; Grim 2 - Put-In-Bay 1
BOTTOM OF THE 6TH
Put-In-Bay BC batting - Pitching for Grim Reapers : RHP Wilbert Gallegos
Pitching: RHP Carlos Navarro
Batting: SHB Ángel García 0-0: Ground out 4-3 (Groundball, 34D, EV 105.6 MPH)
Batting: RHB Man-su Chong 0-0: Ball
1-0: Swinging Strike
1-1: Ball
2-1: Fly out, F4 (Popup, 3S, EV 83.8 MPH)
Batting: RHB Alexander Conley 0-0: SINGLE (Line Drive, 34, EV 94.4 MPH)
Batting: RHB Martin Payton 0-0: Called Strike
Alexander Conley steals 2nd base
0-1: Ball
1-1: Called Strike
1-2: Fly out, F8 (Flyball, 8RS, EV 94.4 MPH)
Bottom of the 6th over - 0 runs, 1 hit, 0 errors, 1 left on base; Grim 2 - Put-In-Bay 1
TOP OF THE 7TH
Grim Reapers batting - Pitching for Put-In-Bay BC : RHP Harry Fuller
Batting: LHB Lorenzo Ortíz 0-0: Fly out, F7 (Flyball, 78M, EV 95.0 MPH)
Batting: RHB Chi-eun Mun 0-0: Swinging Strike
0-1: Foul Ball, location: 2F
0-2: Ground out 1-3 (Groundball, 34S, EV 84.4 MPH)
Batting: RHB Adrián Sánchez 0-0: Ball
1-0: Foul Ball, location: 2F
1-1: Ball
2-1: Called Strike
2-2: Foul Ball, location: 2F
2-2: Fly out, F4 (Popup, 4, EV 70.6 MPH)
Top of the 7th over - 0 runs, 0 hits, 0 errors, 0 left on base; Grim 2 - Put-In-Bay 1
BOTTOM OF THE 7TH
Put-In-Bay BC batting - Pitching for Grim Reapers : RHP Carlos Navarro
Batting: RHB Kent Potter 0-0: Ball
1-0: Swinging Strike
1-1: Foul Ball, location: 2F
1-2: Foul Ball, location: 2F
1-2: Ball
2-2: Ground out 5-3 (Groundball, 5S, EV 86.9 MPH)
Batting: RHB Victor Haley 0-0: Ball
1-0: Called Strike
1-1: Ball
2-1: Swinging Strike
2-2: Strikes out swinging
Batting: LHB Leslie Small 0-0: Swinging Strike
0-1: Foul Ball, location: 2F
0-2: Strikes out looking
Bottom of the 7th over - 0 runs, 0 hits, 0 errors, 0 left on base; Grim 2 - Put-In-Bay 1
TOP OF THE 8TH
Grim Reapers batting - Pitching for Put-In-Bay BC : RHP Harry Fuller
Batting: RHB Cristo Mercado 0-0: SINGLE (Groundball, 6D, EV 95.6 MPH)
Batting: SHB Leonard Davis 0-0: Called Strike
0-1: Ball
1-1: Ball
2-1: Fielders Choice at 2nd, 3-6 (Groundball, 3, EV 85.6 MPH)
Batting: SHB Tekkan Hayagawa 0-0: Called Strike
0-1: Called Strike
0-2: Ball
1-2: Fly out, F8 (Line Drive, 8RM, EV 110.0 MPH)
Batting: RHB Kiyohira Kan 0-0: Ball
Leonard Davis is caught stealing 2nd base 2-4
Top of the 8th over - 0 runs, 1 hit, 0 errors, 0 left on base; Grim 2 - Put-In-Bay 1
BOTTOM OF THE 8TH
Put-In-Bay BC batting - Pitching for Grim Reapers : RHP Carlos Navarro
Batting: RHB Jesús Méndez 0-0: Ball
1-0: Fly out, F9 (Line Drive, 9D, EV 86.9 MPH)
Batting: LHB Eric Manchester 0-0: Ball
1-0: Ball
2-0: Fly out, F9 (Flyball, 9LMF, EV 110.6 MPH)
Batting: SHB Ángel García 0-0: Foul Ball, location: 2F
0-1: Ball
1-1: Ball
2-1: SINGLE (Groundball, 34D, EV 103.1 MPH)
Pitching: RHP Jyotibhasin Kodi
Pinch Hitting: SHB Reginald Gibson 0-0: Called Strike
0-1: Fielders Choice at 2nd, 5-4 (Groundball, 5, EV 86.2 MPH)
Bottom of the 8th over - 0 runs, 1 hit, 0 errors, 1 left on base; Grim 2 - Put-In-Bay 1
TOP OF THE 9TH
Grim Reapers batting - Pitching for Put-In-Bay BC : RHP Harry Fuller
Pitching: RHP Joe Gorman
Now in LF: Félix Guillén
Batting: RHB Kiyohira Kan 0-0: Ball
1-0: Foul Ball, location: 2F
1-1: Swinging Strike
1-2: Strikes out swinging
Batting: SHB Fernando Urby 0-0: Ground out 5-3 (Groundball, 56S, EV 89.4 MPH)
Batting: RHB Lonnie Doble 0-0: Called Strike
0-1: Foul Ball, location: 2F
0-2: Foul Ball, location: 2F
0-2: Ball
1-2: Strikes out swinging
Top of the 9th over - 0 runs, 0 hits, 0 errors, 0 left on base; Grim 2 - Put-In-Bay 1
BOTTOM OF THE 9TH
Put-In-Bay BC batting - Pitching for Grim Reapers : RHP Jyotibhasin Kodi
Pitching: RHP Charlie Bottari
Now at 1B: Fernando Guillén
Pinch Hitting: LHB Sergio Morán 0-0: Ball
1-0: Ball
2-0: Called Strike
2-1: Foul Ball, location: 2F
2-2: Ball
3-2: Strikes out looking
Batting: RHB Martin Payton 0-0: Ball
1-0: Foul Ball, location: 2F
1-1: Ground out 6-3 (Groundball, 6S, EV 83.1 MPH)
Batting: RHB Kent Potter 0-0: Called Strike
0-1: Fly out, F8 (Flyball, 78D, EV 90.0 MPH)
Bottom of the 9th over - 0 runs, 0 hits, 0 errors, 0 left on base; Grim 2 - Put-In-Bay 1
Thursday, January 23rd, 2020 - OOTP Baseball 20.8 Build 74